 Dungeon Crawl Stone Soup version 0.21.1-1-g345015fe64 (webtiles) character file.

7396 Evaline the Basher (level 11, -2/141 (142) HPs)
             Began as a Hill Orc Berserker on July 3, 2018.
             Was a High Priest of Trog.
             Slain by an orc warrior
             ... wielding a +0 trident
              (10 damage)
             ... on level 10 of the Dungeon.
             The game lasted 00:44:18 (8769 turns).

Evaline the Basher (Hill Orc Berserker)             Turns: 8769, Time: 00:44:18

HP:   -2/141 (142)  AC: 16    Str: 29    XL:     11   Next: 14%
MP:   14/14         EV: 11    Int:  7    God:    Trog [*****.]
Gold: 893           SH:  0    Dex: 10    Spells: 10/10 levels left

rFire    . . .     SeeInvis .   a - +4 morningstar
rCold    . . .     Gourm    .   (no shield)
rNeg     . . .     Faith    .   I - +2 scale mail {rPois}
rPois    +         Spirit   .   M - +1 helmet
rElec    .         Reflect  .   d - +0 cloak
rCorr    .         Harm     .   A - +0 pair of gloves
MR       .....                  (no boots)
Stlth    ..........             G - amulet of regeneration
HPRegen  0.73/turn              (no ring)
MPRegen  0.14/turn              (no ring)

@: berserking, very quick
A: no striking features
a: Berserk, Trog's Hand, Brothers in Arms, Burn Spellbooks, Renounce Religion


You were on level 10 of the Dungeon.
You worshipped Trog.
Trog was extremely pleased with you.
You were hungry.

You visited 1 branch of the dungeon, and saw 10 of its levels.

You collected 893 gold pieces.

Inventory:

Hand Weapons
 a - a +4 morningstar (weapon)
 b - a +0 war axe
 e - a +0 blowgun
 q - a +4 halberd of freezing
 w - a +1 dire flail of protection
 x - a +2 dagger of venom
Missiles
 r - 18 tomahawks (quivered)
 F - 7 javelins
 S - 355 stones
 T - 49 poisoned needles
Armour
 d - a +0 cloak (worn)
 A - a +0 pair of gloves (worn)
 I - a +2 scale mail of poison resistance (worn)
 M - a +1 helmet (worn)
 Y - a +0 plate armour
Jewellery
 G - an amulet of regeneration (around neck)
 R - an uncursed ring of ice
Wands
 B - a wand of digging (13)
 H - a wand of acid (6)
 Q - a wand of flame (37)
Scrolls
 h - a scroll of torment {unknown}
 j - 6 scrolls of fog {unknown}
 o - a scroll of amnesia {unknown}
 s - 2 scrolls of random uselessness {unknown}
 u - 3 scrolls of remove curse
 v - 3 scrolls of enchant armour {unknown}
 y - a scroll of acquirement {unknown}
 z - 4 scrolls of magic mapping {unknown}
 D - 2 scrolls of enchant weapon {unknown}
 K - a scroll of blinking {unknown}
 L - 3 scrolls of teleportation {unknown}
 O - a scroll of immolation {unknown}
 X - a scroll of silence {unknown}
Potions
 f - a potion of flight {unknown}
 g - a potion of brilliance {unknown}
 i - 4 potions of ambrosia
 k - 5 potions of curing
 m - a potion of cancellation {unknown}
 p - a potion of mutation {unknown}
 t - 2 potions of agility
 C - 3 potions of haste
 E - 4 potions of invisibility
 J - a potion of lignification {unknown}
 N - a potion of might {unknown}
 U - a potion of degeneration {unknown}
 V - 3 potions of heal wounds
Books
 P - a book of Frost

   Spells                             Type                      Level
   a - Freeze                         Ice                          1
   b - Throw Frost                    Conjuration/Ice              2
   c - Ozocubu's Armour               Charms/Ice                   3
   d - Throw Icicle                   Conjuration/Ice              4
   e - Summon Ice Beast               Ice/Summoning                4
   Trog disapproves of the use of such an item.
Miscellaneous
 W - a lamp of fire
Comestibles
 c - 23 rations
 n - 16 chunks of flesh


   Skills:
 + Level 8.8 Fighting
 + Level 7.5(10.7) Axes
 + Level 10.3(11.0) Maces & Flails
 + Level 3.4 Throwing
 * Level 10.3 Armour
 - Level 1.5 Dodging
   Level 0.3 Shields
 * Level 4.8 Evocations


You had 10 spell levels left.
You didn't know any spells.

Dungeon Overview and Level Annotations

Branches:
Dungeon (10/15)            Temple (0/1) D:6            Lair (0/6) D:10
    Orc: D:9-12

Altars:
Cheibriados
Dithmenos
Elyvilon
Gozag
Kikubaaqudgha
Makhleb
Trog
Wu Jian
Xom
Yredelemnul
Zin
The Shining One

Shops:
D:6 }

Annotations:
D:7 Hostiles OOR - Angel+Executioner Digging


Message History

You are feeling hungry.
The orc warrior hits you from afar with a trident!
* * * LOW HITPOINT WARNING * * *
The orc priest hits you but does no damage.
The yak closely misses you.
You impale the orc priest!!
You kill the orc priest!
Trog accepts your kill.
The orc warrior hits you from afar with a trident!
* * * LOW HITPOINT WARNING * * *
The yak barely misses you.
Your scale mail prevents you from hitting the yak.
The orc warrior barely misses you.
Your scale mail prevents you from hitting the yak.
The orc wizard hits you but does no damage.
The yak misses you.
You bludgeon the yak!!
The yak is heavily wounded.
The orc warrior hits you from afar with a trident!
You die...

........##...#.#.#.#.........
.........#................###
.........#...#.#.#.#[.#####
..)......#.#.........##
.........# #.#.#.#.#.#
.........# #.........#
.........# #.#.Yo..##
>#######.#.# ##Y#.## ##...
#.# #@#.# ##.# #.# ##o#o#
...# #.# .##Y#Y# ...###.
#.##.##o#.# .#.....#
#Fy...(....
....####.#...o.......
.#........<.o.........
...#######............#
...... #............#


You could see 3 yaks, an orc warrior, an orc wizard and an orc.

Vanquished Creatures
  A two-headed ogre (D:8)
  Pikel (D:6)
  A wyvern (D:9)
  7 yaks (D:10)
  Grum (D:10)
  Edmund (D:5)
  A sky beast (D:7)
  4 ice beasts
  2 black bears
  4 phantoms
  3 slaves (D:6)
  A necrophage (D:10)
  3 wolves (D:10)
  8 ogres
  4 centaurs
  3 bullfrogs
  2 big kobolds (D:8)
  A wyvern skeleton (D:10)
  3 scorpions
  7 killer bees
  5 wights
  2 howler monkeys (D:8)
  6 crimson imps
  A bullfrog zombie (D:7)
  A jelly (D:6)
  A quasit (D:9)
  7 orc priests
  3 orc wizards
  2 hounds
  2 bullfrog skeletons
  2 centaur skeletons
  2 iguanas
  Natasha (thrice) (D:4)
  6 worker ants
  A howler monkey skeleton (D:6)
  A worker ant zombie (D:5)
  3 gnolls (D:6)
  8 adders
  2 shadow imps (D:9)
  2 oozes
  2 adder zombies
  A worm (D:2)
  A dart slug (D:2)
  4 leopard geckos
  26 orcs
  2 ball pythons
  8 bats
  2 bat zombies (D:6)
  3 giant cockroaches (D:3)
  6 goblins
  8 hobgoblins
  3 jackals (D:4)
  A quokka (D:6)
  4 frilled lizards
  7 kobolds
  3 leopard gecko skeletons
  A quokka zombie (D:6)
  5 rats
205 creatures vanquished.

Vanquished Creatures (others)
  A slave (D:7)
  A water moccasin (D:7)
  An iguana (D:7)
3 creatures vanquished.

Grand Total: 208 creatures vanquished

Notes
Turn   | Place    | Note
-------+----------+-------------------------------------------
     0 | D:1      | Evaline the Hill Orc Berserker began the quest for the Orb.
     0 | D:1      | Reached XP level 1. HP: 19/19 MP: 1/1
   210 | D:1      | Reached XP level 2. HP: 25/27 MP: 2/2
   448 | D:2      | Found a basalt altar of Yredelemnul.
   633 | D:2      | Reached XP level 3. HP: 30/33 MP: 3/3
   724 | D:2      | Reached ** piety under Trog
   724 | D:2      | Reached skill level 5 in Axes
  1347 | D:2      | Reached XP level 4. HP: 40/40 MP: 4/4
  1593 | D:3      | Found a white marble altar of Elyvilon.
  1866 | D:3      | Found an opulent altar of Gozag.
  1889 | D:3      | Reached XP level 5. HP: 4/46 MP: 5/5
  2325 | D:3      | Found an ornate altar of the Wu Jian Council.
  2606 | D:3      | Found a snail-covered altar of Cheibriados.
  2793 | D:4      | Noticed a phantom
  2844 | D:4      | Killed a phantom
  2844 | D:4      | Reached XP level 6. HP: 31/53 MP: 6/6
  2932 | D:4      | Noticed Natasha
  2946 | D:4      | Killed Natasha
  3046 | D:4      | Reached skill level 5 in Armour
  3186 | D:4      | Reached XP level 7. HP: 38/60 MP: 7/7
  3370 | D:4      | Noticed Natasha
  3378 | D:4      | Killed Natasha
  3378 | D:4      | Reached skill level 5 in Fighting
  3400 | D:4      | Noticed Natasha
  3411 | D:4      | Killed Natasha
  3471 | D:5      | Entered Level 5 of the Dungeon
  3509 | D:5      | Reached skill level 1 in Throwing
  4031 | D:5      | Noticed Edmund
  4090 | D:5      | Killed Edmund
  4092 | D:5      | Reached *** piety under Trog
  4092 | D:5      | Reached XP level 8. HP: 62/69 MP: 8/8
  4519 | D:5      | Reached skill level 1 in Maces & Flails
  5303 | D:6      | Reached XP level 9. HP: 78/78 MP: 9/9
  5353 | D:6      | Found Ehietse's Gadget Shoppe.
  5405 | D:6      | Reached skill level 5 in Maces & Flails
  5489 | D:6      | Found a staircase to the Ecumenical Temple.
  5864 | D:6      | Found an ancient bone altar of Kikubaaqudgha.
  5969 | D:7      | Noticed Pikel
  6025 | D:6      | Killed Pikel
  6025 | D:6      | Reached skill level 1 in Evocations
  6147 | D:7      | Reached **** piety under Trog
  6356 | D:7      | Reached XP level 10. HP: 48/86 MP: 11/11
  6443 | D:7      | Found a shadowy altar of Dithmenos.
  6471 | D:7      | Found a burning altar of Makhleb.
  6476 | D:7      | Noticed an Executioner
  6479 | D:7      | Found a glowing silver altar of Zin.
  6479 | D:7      | Noticed an angel
  6812 | D:8      | Noticed a two-headed ogre
  6818 | D:8      | Killed a two-headed ogre
  7126 | D:8      | Found a glowing golden altar of the Shining One.
  7400 | D:8      | Found a radiant altar of Vehumet.
  7402 | D:8      | Found a shimmering altar of Xom.
  7402 | D:8      | Found a shattered altar of Ashenzari.
  7409 | D:8      | Found a sparkling altar of Nemelex Xobeh.
  7409 | D:8      | Found a sparkling altar of Nemelex Xobeh.
  7409 | D:8      | Found a shimmering altar of Xom.
  8072 | D:9      | Found a bloodstained altar of Trog.
  8282 | D:10     | Entered Level 10 of the Dungeon
  8335 | D:10     | Noticed Grum
  8374 | D:10     | Killed Grum
  8415 | D:10     | Found a staircase to the Lair.
  8493 | D:10     | Found an opulent altar of Gozag.
  8501 | D:10     | Reached skill level 10 in Armour
  8623 | D:10     | Reached ***** piety under Trog
  8640 | D:10     | Reached XP level 11. HP: 50/95 MP: 14/14
  8645 | D:10     | Reached skill level 10 in Maces & Flails
  8766 | D:10     | HP: 7/141 [orc warrior/trident (13)]
  8769 | D:10     | Slain by an orc warrior

Skill      XL: |  1  2  3  4  5  6  7  8  9 10 11 |
---------------+----------------------------------+-----
Fighting       | 4 5 6 7 8 |  8.8
Axes           | 5 6 7 |  7.5
Armour         | 3 4 5 7 8 9 10 | 10.3
Throwing       | 1 2 3 |  3.4
Maces & Flails | 4 7 9 10 | 10.3
Evocations     | 2 4 |  4.8
Dodging        | |  1.5
Shields        | |  0.3

Action                   |  1- 3 |  4- 6 |  7- 9 | 10-12 || total
-------------------------+-------+-------+-------+-------++-------
Melee: Hand axe          |   126 |    62 |       |       ||   188
       Spear             |     8 |       |       |       ||     8
       Flail             |       |   120 |   183 |       ||   303
       Dire flail        |       |       |   242 |   324 ||   566
       Dagger            |       |       |    11 |       ||    11
       Morningstar       |       |       |       |    14 ||    14
Throw: Tomahawk          |     4 |    11 |    46 |     3 ||    64
       Javelin           |       |       |       |     4 ||     4
Invok: Berserk           |       |     1 |     1 |     1 ||     3
       Burn Spellbooks   |       |       |     1 |       ||     1
  Use: Scroll            |       |       |     3 |     5 ||     8
  Eat: Chunk             |     2 |     7 |    12 |     8 ||    29
Armor: Animal skin       |     1 |       |       |       ||     1
       Leather armour    |    18 |       |       |       ||    18
       Plate armour      |    35 |   199 |   167 |       ||   401
       Skin              |     1 |       |       |       ||     1
       Scale mail        |       |       |   141 |   178 ||   319
Dodge: Dodged            |    64 |    80 |   202 |   133 ||   479
Block: Buckler           |       |       |    20 |       ||    20
